 Dungeon Crawl Stone Soup version 0.25-a0-94-g9e23508adf (webtiles) character file.

Game seed: 17122750324397865746, levelgen mode: deterministic

21 MordorOrchid the Charmwright (level 2, -3/22 HPs)
             Began as a Demonspawn Skald on Nov 11, 2019.
             Slain by Sigmund
             ... wielding a +0 scythe
              (7 damage)
             ... on level 2 of the Dungeon.
             The game lasted 00:02:32 (1400 turns).

MordorOrchid the Charmwright (Demonspawn Skald)     Turns: 1400, Time: 00:02:32

Health: -3/22      AC:  5    Str: 11    XL:     2   Next: 65%
Magic:  0/1        EV: 10    Int: 14    God:
Gold:   23         SH:  3    Dex: 15    Spells: 0/5 levels left

rFire    + . .     SeeInvis .   g - +5 hand axe of Harmony {antimagic, rF+ rC+ Dex+3}
rCold    + . .     Gourm    .   e - +0 buckler
rNeg     . . .     Faith    .   m - +0 ring mail
rPois    +         Spirit   +   (no helmet)
rElec    .         Reflect  .   (no cloak)
rCorr    .         Harm     .   (no gloves)
MR       .....                  (no boots)
Stlth    +.........             j - amulet of guardian spirit
HPRegen  0.07/turn              l - ring of wizardry
MPRegen  0.07/turn              o - ring of poison resistance

@: no status effects
A: claws 1
a: no special abilities


You were on level 2 of the Dungeon.
You were hungry.

You visited 1 branch of the dungeon, and saw 2 of its levels.

You collected 23 gold pieces.

Inventory:

Hand Weapons
 g - the +5 hand axe of Harmony (weapon) {antimagic, rF+ rC+ Dex+3}
   (You found it on level 1 of the Dungeon)

   It reduces the magical energy of the wielder, and disrupts the spells and
   magical abilities of those hit.
   Natural abilities and divine invocations are not affected.
   It affects your dexterity (+3).
   It protects you from fire.
   It protects you from cold.
 h - a +0 dagger
Missiles
 b - 19 arrows
 n - 16 stones (quivered)
Armour
 a - a +0 leather armour
 e - a +0 buckler (worn)
 m - a +0 ring mail (worn)
Jewellery
 j - an amulet of guardian spirit (around neck)
 l - a ring of wizardry (left claw)
 o - a ring of poison resistance (right claw)
 p - an uncursed ring of see invisible
Scrolls
 d - 3 scrolls of remove curse {unknown}
 f - a scroll of enchant weapon {unknown}
 i - 2 scrolls of teleportation {unknown}
 k - 2 scrolls of identify {unknown}
Comestibles
 c - 6 rations


   Skills:
 - Level 2.0 Fighting
 * Level 1.7 Armour
 - Level 1.7 Dodging
 * Level 2.5 Unarmed Combat
 - Level 2.0 Spellcasting
 - Level 2.6 Charms


You couldn't memorise any spells.
You knew the following spells:

 Your Spells              Type           Power        Failure   Level  Hunger
a - Infusion              Chrm           #...         12%         1    ##.....
b - Song of Slaying       Chrm           #.......     19%         2    ###....
y - Shroud of Golubria    Chrm/Tloc      #.....       32%         2    ###....

Your spell library contained the following spells:

 Spells                   Type           Power        Failure   Level  Hunger
 Regeneration             Chrm/Necr      #.........   52%         3    ####...
 Spectral Weapon          Hex/Chrm       #.......     52%         3    ####...


Dungeon Overview and Level Annotations

Branches:
Dungeon (2/15)

Altars:

Annotations:
D:2 Sigmund


Innate Abilities, Weirdness & Mutations

You have sharp fingernails.


Message History

You are too injured to fight recklessly!
You are too injured to fight recklessly!
You are too injured to fight recklessly!
You barely miss Sigmund.
Sigmund is heavily wounded.
Sigmund closely misses you.
You aren't carrying any potions.
Unknown command.
You closely miss Sigmund.
Sigmund is heavily wounded.
Sigmund hits you but does no damage.
You hit Sigmund.
Sigmund's magic leaks into the air.
Sigmund is severely wounded.
You barely miss Sigmund.
Sigmund is severely wounded.
Sigmund closely misses you.
You barely miss Sigmund.
Sigmund is severely wounded.
Sigmund hits you with a +0 scythe!
You die...

#.....#.#<....#
#.....#.########
.##....#........#
.................
.##........####.#
#....#..##
#....#..#
######..#
#..@@...#
#.####.## #.# #.#
#.# #.# ..# ..


You could see Sigmund.

Vanquished Creatures
  An ooze (D:1)
  A bat (D:1)
  A goblin (D:1)
  4 jackals (D:1)
  3 kobolds (D:1)
  4 frilled lizards (D:1)
  3 rats (D:1)
17 creatures vanquished.

Notes
Turn   | Place    | Note
-------+----------+-------------------------------------------
     0 | D:1      | MordorOrchid the Demonspawn Skald began the quest for the
                  | Orb.
     0 | D:1      | Reached XP level 1. HP: 16/16 MP: 3/3
    33 | D:1      | Reached skill level 1 in Armour
   330 | D:1      | Gained mutation: You have sharp fingernails. [demonic
                  | ancestry]
   330 | D:1      | Reached XP level 2. HP: 15/22 MP: 5/5
   632 | D:1      | Learned a level 2 spell: Song of Slaying
   635 | D:1      | Learned a level 2 spell: Shroud of Golubria
  1069 | D:1      | Got a fine hand axe
  1070 | D:1      | Identified the +5 hand axe of Harmony {antimagic, rF+ rC+
                  | Dex+3} (You found it on level 1 of the Dungeon)
  1389 | D:2      | Noticed Sigmund
  1400 | D:2      | Slain by Sigmund

Levels and vault maps discovered:
D:1:      kilobyte_arrival_exit_the_forest, layout_loops_ring,
          nrook_loot_triangle
D:2:      layout_basic, kennysheep_slug_shrine, hangedman_decor_peaks_small,
          chequers_serial_rivers_large_a, serial_bayou_pond_c,
          nemelex_diamond_rough_becter, uniq_sigmund

Skill      XL: |  1 |
---------------+----+-----
Armour         | 1 |  1.7
Unarmed Combat | 2 |  2.5
Fighting       | |  2.0
Dodging        | |  1.7
Spellcasting   | |  2.0
Charms         | |  2.6

Action                   || total
-------------------------++-------
Melee: Unarmed           ||    38
       Dagger            ||    82
       Hand axe          ||    10
 Cast: Song of Slaying   ||     1
  Use: Potion            ||     1
  Eat: Chunk             ||     1
Armor: Leather armour    ||     7
       Skin              ||    46
       Ring mail         ||    38
Dodge: Dodged            ||    59

Table legend:
 A = Non-vault XP
 B = Vault XP
 C = Vault XP percentage of total XP
 D = Non-vault monster count
 E = Vault monster count
 F = Vault count percentage of total count
                 A         B        C        D         E       F
            +---------+---------+-------+---------+---------+-------
      Total |      31 |       0 |   0.0 |      17 |       0 |   0.0
            +---------+---------+-------+---------+---------+-------
        D:1 |      31 |       0 |   0.0 |      17 |       0 |   0.0
            +---------+---------+-------+---------+---------+-------
